 Dungeon Crawl Stone Soup version 0.21-a0-630-g344d351 (webtiles) character file.

269 Gaball the Archer (level 6, -4/34 HPs)
             Began as a Deep Elf Hunter on Dec 25, 2017.
             Killed from afar by Sigmund (8 damage)
             ... with a magic dart
             ... on level 3 of the Dungeon.
             The game lasted 00:12:44 (4291 turns).

Gaball the Archer (Deep Elf Hunter)                 Turns: 4291, Time: 00:12:45

Health: -4/34      AC:  7    Str:  9    XL:     6   Next: 1%
Magic:  8/8        EV: 11    Int: 16    God:
Gold:   163        SH:  0    Dex: 17    Spells: 4/5 levels left

rFire    . . .     SeeInvis .   t - +2 dagger (holy)
rCold    . . .     Gourm    .   (no shield)
rNeg     . . .     Faith    .   m - +0 ring mail
rPois    .         Spirit   .   q - +0 helmet
rElec    .         Reflect  .   (no cloak)
rCorr    .         Harm     .   (no gloves)
MR       .....     Rnd*Tele +   v - +0 pair of boots
Stlth    ..........             (no amulet)
HPRegen  0.11/turn              w - ring of teleportation
MPRegen  0.11/turn              (no ring)

@: confused
A: no striking features
a: no special abilities


You were on level 3 of the Dungeon.
You were not hungry.

You visited 1 branch of the dungeon, and saw 3 of its levels.

You collected 163 gold pieces.

Inventory:

Hand Weapons
 a - a +1 shortbow
 b - a +0 short sword
 t - a +2 dagger of holy wrath (weapon)
Armour
 c - a +0 leather armour
 m - a +0 ring mail (worn)
 q - a +0 helmet (worn)
 u - a +2 robe of magic resistance
 v - a +0 pair of boots (worn)
Jewellery
 w - a ring of teleportation (left hand)
Scrolls
 i - 2 scrolls of identify {unknown}
 l - 4 scrolls of remove curse
 o - a scroll of teleportation {unknown}
 r - a scroll of immolation {unknown}
 s - a scroll of enchant weapon {unknown}
Potions
 e - a potion of curing
 g - a potion of might {unknown}
 h - a potion of heal wounds {unknown}
 j - 2 potions of degeneration {unknown}
 n - a potion of cancellation {unknown}
 p - a potion of lignification {unknown}
Books
 x - a book of Cantrips

   Spells                             Type                      Level
   a - Confusing Touch                Hexes                        1
   b - Animate Skeleton               Necromancy                   1
   c - Summon Small Mammal            Summoning                    1
   d - Apportation                    Translocation                1
Comestibles
 f - 5 rations


   Skills:
 - Level 1.5 Fighting
 + Level 8.0 Bows
 - Level 2.4 Dodging
 - Level 1.2 Stealth


You had 4 spell levels left.
You knew the following spells:

 Your Spells              Type           Power        Failure   Level  Hunger
a - Confusing Touch       Hex            #.....       56%         1    ##.....


Dungeon Overview and Level Annotations

Branches:
Dungeon (3/15)

Altars:
Elyvilon

Annotations:
D:3 Doomer's ghost, amateur HOFi; Sigmund; Terence


Message History

You feel less confused.
A magic dart appears from out of thin air!
The magic dart hits you!
Your hands stop glowing.
There is an open door here.
Things that are here:
a club; 12 stones You hear some strange, mumbled words.
Something tries to affect you, but you resist.
The hobgoblin closely misses you.
You see here 2 stones.
The hobgoblin hits you but does no damage.
You are confused.
You bump into the rock wall.
The hobgoblin closely misses you.
Something tries to affect you, but you resist.
The hobgoblin misses you.
You bump into the rock wall.
A magic dart appears from out of thin air!
The magic dart hits you!
You die...

#..................####.###
#.....#####..#.....#..#...#
.#.#((.(...{.............#.#.#
..((.......####.......#..#.#.#
##.##....######.†#.#..#..#.#.#
#.....((')...(..(.#..#..#.#.#
#.......######.......#......#
.........# ###..###..#.######
##.......# #...@g##..#####
.........# #####.##......#
######...# ##'##..##### #####
#.......# #.......# ###
#.......# ..# #..<....# #.#
#.......# ..# #.......#####


You could see a hobgoblin.

Vanquished Creatures
  Jessica (D:3)
  Natasha (thrice) (D:2)
  3 gnolls
  4 adders
  2 oozes
  3 worms
  2 dart slugs
  5 leopard geckos
  6 orcs
  5 giant cockroaches
  6 goblins
  7 hobgoblins
  5 jackals (D:2)
  6 kobolds
  8 bats
  6 frilled lizards
  4 rats
76 creatures vanquished.

Notes
Turn   | Place    | Note
-------+----------+-------------------------------------------
     0 | D:1      | Gaball the Deep Elf Hunter began the quest for the Orb.
     0 | D:1      | Reached XP level 1. HP: 12/12 MP: 3/3
   140 | D:1      | Reached skill level 5 in Bows
   140 | D:1      | Reached XP level 2. HP: 16/16 MP: 4/4
   359 | D:1      | Reached XP level 3. HP: 19/20 MP: 5/5
  1040 | D:2      | Noticed Natasha
  1046 | D:2      | Killed Natasha
  1046 | D:2      | Reached skill level 6 in Bows
  1046 | D:2      | Reached XP level 4. HP: 25/25 MP: 6/6
  1062 | D:2      | Found a white marble altar of Elyvilon.
  1083 | D:2      | Noticed Natasha
  1092 | D:2      | Killed Natasha
  1468 | D:2      | Reached skill level 7 in Bows
  1468 | D:2      | Reached XP level 5. HP: 29/29 MP: 7/7
  1842 | D:3      | Noticed Doomer's ghost (amateur HOFi)
  1948 | D:2      | Noticed Natasha
  2148 | D:3      | Noticed Terence
  2314 | D:3      | Noticed Jessica
  2333 | D:2      | Killed Natasha
  2713 | D:3      | Noticed Sigmund
  3054 | D:3      | Killed Jessica
  4175 | D:3      | Learned a level 1 spell: Confusing Touch
  4225 | D:3      | Reached skill level 8 in Bows
  4253 | D:3      | Reached XP level 6. HP: 19/34 MP: 8/8
  4291 | D:3      | Killed from afar by Sigmund

Vault maps used:
D:1:      minmay_arrival_stone_box
D:2:      lemuel_crystal_altar, first_ration, uniq_natasha
D:3:      uniq_terence, uniq_jessica, uniq_sigmund

Skill      XL: |  1  2  3  4  5 |
---------------+----------------+-----
Bows           | 5 6 7 8 |  8.0
Fighting       | |  1.5
Dodging        | |  2.4
Stealth        | |  1.2

Action                   |  1- 3 |  4- 6 || total
-------------------------+-------+-------++-------
Melee: Dagger            |       |    46 ||    46
       Short sword       |       |     1 ||     1
 Fire: Shortbow          |    67 |   185 ||   252
Throw: Javelin           |       |     8 ||     8
       Throwing net      |       |     3 ||     3
 Cast: Confusing Touch   |       |     1 ||     1
  Use: Potion            |       |     2 ||     2
       Scroll            |       |     1 ||     1
 Stab: Held in net/web   |       |     1 ||     1
  Eat: Chunk             |       |     7 ||     7
       Ration            |       |     1 ||     1
Armor: Leather armour    |     5 |       ||     5
       Ring mail         |       |    53 ||    53
Dodge: Dodged            |    12 |    67 ||    79

Table legend:
 A = Spawn XP
 B = Non-spawn XP
 C = Spawn XP percentage of total XP
 D = Spawn monster count
 E = Non-spawn monster count
 F = Spawn count percentage of total count
 G = Total turns spent on level
                    A         B        C        D         E        F      G
               +---------+---------+-------+---------+---------+-------+---------
         Total |       0 |     385 |   0.0 |       0 |      76 |   0.0 |  4291
               +---------+---------+-------+---------+---------+-------+---------
           D:1 |       0 |      56 |   0.0 |       0 |      20 |   0.0 |  1409
           D:2 |       0 |     222 |   0.0 |       0 |      34 |   0.0 |  2089
           D:3 |       0 |     107 |   0.0 |       0 |      22 |   0.0 |   793
               +---------+---------+-------+---------+---------+-------+---------
